 Dungeon Crawl Stone Soup version 0.30.1-1-g62c8e00024 (webtiles) character file.

Game seed: 1980275432383695838

538 Heoruswealwe the Magician (level 7, -7/36 HPs)
             Began as a Deep Elf Conjurer on July 14, 2023.
             Mangled by jaiteiro's ghost (13 damage)
             ... on level 4 of the Dungeon.
             The game lasted 00:33:23 (3394 turns).

Heoruswealwe the Magician (Deep Elf Conjurer)       Turns: 3394, Time: 00:33:24

Health: -7/36      AC:  5    Str:  4    XL:     7   Next: 5%
Magic:  2/20       EV: 12    Int: 25    God:
Gold:   267        SH:  0    Dex: 13    Spells: 7/21 levels left

rFire   . . .        a - staff of conjuration
rCold   . . .        (no shield)
rNeg    . . .        (no body armour)
rPois   +            g - +1 hat
rElec   .            h - +2 cloak {rPois}
rCorr   .            f - +0 pair of gloves
SInv    .            (no boots)
Will    .....        (no amulet)
Stlth   ++           k - ring of poison resistance
HPRegen 0.26/turn    (no ring)
MPRegen 0.17/turn

%: no passive effects
@: about to teleport
A: no striking features
a: no special abilities


You were on level 4 of the Dungeon.
You visited 1 branch of the dungeon, and saw 4 of its levels.

You collected 267 gold pieces.

Inventory:

Armour
 f - a +0 pair of gloves (worn)
 g - a +1 hat (worn)
 h - a +2 cloak of poison resistance (worn)
Magical Staves
 a - a staff of conjuration (weapon)
 q - a staff of earth
Jewellery
 k - a ring of poison resistance (left hand)
Scrolls
 e - 2 scrolls of magic mapping
 j - a scroll of enchant armour {unknown}
 l - 2 scrolls of teleportation
 m - a scroll of enchant weapon
 n - a scroll of noise {unknown}
 s - a scroll of poison {unknown}
 t - a scroll of fog {unknown}
Potions
 d - a potion of curing {unknown}
 i - a potion of might {unknown}
 o - 2 potions of flight {unknown}
 p - 3 potions of brilliance {unknown}
 r - 2 potions of invisibility {unknown}


   Skills:
 - Level 2.4 Dodging
 - Level 2.4 Stealth
 + Level 7.5 Spellcasting
 + Level 7.3 Conjurations


You had 7 spell levels left.
You knew the following spells:

 Your Spells              Type           Power      Damage    Failure   Level
a - Magic Dart            Conj           100%       1d8       1%          1
b - Searing Ray           Conj           100%       2d8       1%          2
c - Dazzling Flash        Conj/Hex       82%        N/A       4%          3
d - Fulminant Prism       Conj/Hex       20%        3d12      14%         4
e - Iskenderun's Mystic   Conj/Tloc      41%        2d9       14%         4

Your spell library contained the following spells:

 Spells                   Type           Power      Damage    Failure   Level
 Beastly Appendage        Tmut           18%        N/A       6%          1
 Ensorcelled Hibernation  Hex/Ice        18%        N/A       10%         2
 Wereblood                Tmut           9%         N/A       10%         2
 Spider Form              Tmut/Pois      9%         N/A       19%         3
 Anguish                  Hex/Necr       4%         N/A       54%         4


Dungeon Overview and Level Annotations

Branches:
Dungeon (4/15)
 Temple: D:4-7

Altars:

Shops:
D:4 =

Annotations:
D:4 crabbadon's ghost, amateur DrTm; jaiteiro's ghost, novice MiGl


Message History

The spell is extremely dangerous to miscast (17% risk of failure)!
Continue anyway?
Aiming: Fulminant Prism (extremely dangerous; 17% risk of failure)
Press: ? - help, Dir - move target You feel a surge of power!
You conjure a prism of explosive energy!
A fulminant prism comes into view.
Your fulminant prism crackles loudly.
Your fulminant prism explodes!
The blast of energy engulfs MrAu's ghost!!
You destroy MrAu's ghost!
The blast of energy engulfs jaiteiro's ghost!!
Jaiteiro's ghost is heavily damaged.
Your Spellcasting skill increases to level 7!
Your Conjurations skill increases to level 7!
You have reached level 7!
Casting: Fulminant Prism (quite dangerous; 14% risk of failure)
Confirm with . or Enter, or press ? or * to list all spells.
Aiming: Searing Ray (safe; 1% risk of failure)
Press: ? - help, Shift-Dir - straight line, f - jaiteiro's ghost
Aim: jaiteiro's ghost (heavily damaged, 76% to hit)
You feel a surge of power!
The searing ray hits jaiteiro's ghost.
Jaiteiro's ghost is heavily damaged. (Press . to maintain the ray.)
The searing ray hits jaiteiro's ghost but does no damage.
Jaiteiro's ghost is heavily damaged.
The searing ray hits jaiteiro's ghost.
Jaiteiro's ghost is severely damaged.
The searing ray hits crabbadon's ghost but does no damage.
The searing ray hits jaiteiro's ghost!
Jaiteiro's ghost is severely damaged.
The searing ray hits crabbadon's ghost.
Crabbadon's ghost is lightly damaged.
You finish channelling your searing ray.
Jaiteiro's ghost hits you! Jaiteiro's ghost hits you!
* * * LOW HITPOINT WARNING * * *
As you read the scroll labelled YBODWU ZOASSU, it crumbles to dust.
You feel strangely unstable.
It was a scroll of teleportation.
Crabbadon's ghost closely misses you. Jaiteiro's ghost hits you!
You die...

#########...........#
#..########### #####
#.## #...# #.#
#...###.########
#######..............#
..............÷......#
.....................#
................@....#
.........#...÷.WW....#
.........#...........#
#####'####...........#
#÷# #...........# ##)#
#...........# ###.)#
#######.#####
##...##### #.#
.........# #.##


You could see crabbadon's ghost and jaiteiro's ghost.

Vanquished Creatures
  The ghost of MrAu the Ducker, an amateur TeGl of Okawaru (D:4)
  2 scorpions (D:4)
  A hound (D:4)
  Crazy Yiuf (D:2)
  An iguana (D:4)
  5 adders
  4 gnolls (D:4)
  3 dart slugs
  2 orcs
  5 ball pythons
  8 endoplasms
  6 giant cockroaches
  3 goblins
  6 hobgoblins
  4 jackals (D:4)
  9 kobolds
  3 quokkas
  5 bats
  2 frilled lizards
  5 rats
76 creatures vanquished.

Vanquished Creatures (others)
  3 fulminant prisms (D:4)
3 creatures vanquished.

Grand Total: 79 creatures vanquished

Notes
Turn   | Place    | Note
-------+----------+-------------------------------------------
     0 | D:1      | Heoruswealwe the Deep Elf Conjurer began the quest for the
                  | Orb.
     0 | D:1      | Reached XP level 1. HP: 10/10 MP: 6/6
   125 | D:1      | Reached XP level 2. HP: 15/15 MP: 3/8
   128 | D:1      | Learned a level 2 spell: Searing Ray
   154 | D:1      | Found a faded altar of an unknown god.
   669 | D:2      | Reached skill level 5 in Conjurations
   669 | D:2      | Reached XP level 3. HP: 19/19 MP: 6/10
   673 | D:2      | Learned a level 3 spell: Dazzling Flash
   908 | D:2      | Identified the +1 leather armour "Duqej" {rC+ rN+}
  1406 | D:2      | Found a runed translucent door.
  1407 | D:2      | Noticed Crazy Yiuf
  1412 | D:2      | Killed Crazy Yiuf
  1413 | D:2      | Reached XP level 4. HP: 24/24 MP: 8/12
  1418 | D:2      | Learned a level 4 spell: Fulminant Prism
  1925 | D:3      | Reached skill level 5 in Spellcasting
  3039 | D:4      | Reached XP level 5. HP: 28/28 MP: 6/15
  3044 | D:4      | Learned a level 4 spell: Iskenderun's Mystic Blast
  3099 | D:4      | Found a runed translucent gate.
  3099 | D:4      | Found a runed translucent gate.
  3101 | D:4      | Found a runed translucent gate.
  3103 | D:4      | Noticed crabbadon's ghost (amateur DrTm)
  3103 | D:4      | Noticed MrAu's ghost (amateur TeGl)
  3104 | D:4      | Noticed jaiteiro's ghost (novice MiGl)
  3194 | D:4      | Found Daqeull's Jewellery Emporium.
  3206 | D:4      | Reached XP level 6. HP: 32/32 MP: 9/17
  3388 | D:4      | Killed MrAu's ghost
  3389 | D:4      | Reached XP level 7. HP: 36/36 MP: 6/20
  3394 | D:4      | Mangled by jaiteiro's ghost

Illustrated notes

Levels and vault maps discovered:
D:1:      amcnicky_arrival_choice, layout_loops_cross, basic_ecumenical_altar
D:2:      layout_loops_corners, uniq_crazy_yiuf_cottage
D:3:      cheibrodos_helix_gallery, layout_basic
D:4:      layout_basic, gammafunk_ghost_cemetery, serial_shops, shop

Skill      XL: |  1  2  3  4  5  6 |
---------------+-------------------+-----
Spellcasting   | 4 5 6 7 |  7.5
Conjurations   | 5 6 7 |  7.3
Dodging        | |  2.4
Stealth        | |  2.4

Action                     |  1- 3 |  4- 6 |  7- 9 || total
---------------------------+-------+-------+-------++-------
  Melee: Staff             |     4 |       |       ||     4
   Cast: Magic Dart        |    55 |    80 |       ||   135
         Searing Ray       |     1 |     6 |     1 ||     8
         Fulminant Prism   |       |     3 |       ||     3
    Use: Scroll            |       |     5 |     1 ||     6
         Potion            |       |     1 |       ||     1
 Armour: Robe              |     1 |       |       ||     1
         Skin              |     3 |     6 |       ||     9
  Dodge: Dodged            |     5 |    17 |     1 ||    23
